 Dungeon Crawl Stone Soup version 0.17-a0-2055-gb4e23be (webtiles) character file.

63 Ijustatesigmund the Sneak (level 4, -2/28 HPs)
             Began as an Octopode Transmuter on Oct 11, 2015.
             Slain by a sky beast (5 damage)
             ... on level 3 of the Dungeon.
             The game lasted 00:07:50 (1820 turns).

Ijustatesigmund the Sneak (Octopode Transmuter)     Turns: 1820, Time: 00:07:50

Health: -2/28      AC:  1    Str:  9    XL:     4   Next: 9%
Magic:  2/7        EV: 12    Int: 16    God:
Gold:   180        SH:  0    Dex: 12    Spells: 3 memorised, 1 level left

rFire  . . .     SeeInvis .     d - +0 short sword
rCold  . . .     Clarity  .     (no shield)
rNeg   + . .     SustAt   .     (helmet restricted)
rPois  +         Gourm    .     m - amulet of warding
rElec  .         Spirit   .     j - ring of poison resistance
rCorr  .         Warding  +     (no ring)
rMut   .         Stasis   .     (no ring)
MR     .....                    (no ring)
Stlth  +++.......               (no ring)
                                (no ring)
                                (no ring)
                                (no ring)

@: appendage, not resistant to hostile enchantments, fairly stealthy
A: almost no armour, amphibious, 8 rings, constrict 8, tentacle spike 3,
camouflage 1, gelatinous body 1
a: End Transformation


You were on level 3 of the Dungeon.
You were not hungry.
One of your tentacles had a temporary spike.
You visited 1 branch of the dungeon, and saw 3 of its levels.

You collected 180 gold pieces.

Inventory:

Hand Weapons
 d - a +0 short sword (weapon)
 e - a +0 dagger
 q - a cursed -2 hunting sling
Missiles
 a - 5 arrows
 r - 23 stones (quivered)
Jewellery
 j - a ring of poison resistance (left tentacle)
 m - an amulet of warding (around mantle)
Wands
 s - a wand of random effects (31)
Scrolls
 g - a scroll of remove curse
 n - a scroll of recharging
Potions
 f - a potion of flight
 h - a potion of resistance {unknown}
 l - a potion of lignification
 p - a potion of brilliance {unknown}
Books
 b - a book of Changes

   Spells                             Type                      Level
   a - Beastly Appendage              Transmutation                1
   b - Sticks to Snakes               Transmutation                2
   c - Spider Form                    Transmutation/Poison         3
   d - Ice Form                       Ice/Transmutation            4
   e - Blade Hands                    Transmutation                5
Comestibles
 c - 2 bread rations
 k - a beef jerky
 o - a meat ration


   Skills:
 - Level 1.0 Fighting
 + Level 1.5 Short Blades
 - Level 2.0 Dodging
 + Level 3.1 Stealth
 - Level 3.0 Unarmed Combat
 - Level 2.0 Spellcasting
 + Level 3.0 Transmutations
 + Level 0.0 Poison Magic


You had one spell level left.
You knew the following spells:

 Your Spells              Type           Power        Failure   Level  Hunger
a - Beastly Appendage     Trmt           ##....       8%          1    #......
b - Sticks to Snakes      Trmt           ##........   10%         2    ###....
c - Spider Form           Trmt/Pois      #.........   34%         3    ###....


Dungeon Overview and Level Annotations

Branches:
Dungeon (3/15)

Altars:


Innate Abilities, Weirdness & Mutations

You cannot wear most types of armour.
You are amphibious.
You can wear up to eight rings at the same time.
You can use your tentacles to constrict eight enemies at once.
Your skin changes colour to match your surroundings (Stealth).
Your rubbery body absorbs attacks (AC +1).
One of your tentacles bears a large vicious spike.


Message History

An orc comes into view. It is wielding a whip.
The sky beast barely misses you.
You hit the sky beast but do no damage.
The sky beast flickers out of sight!
Deactivating autopickup; reactivate with Ctrl-A.
Something hits you. Something shocks you.
You closely miss something. You squeeze something. Something hits you.
Something shocks you.
Drink which item? (? for menu, Esc to quit)
You feel much better. Something hits you. Something shocks you.
You barely miss something.
You pierce something.
Something hits you. Something shocks you.
You miss something. Something hits you but does no damage.
You hit something but do no damage.
The orc shouts!
Something hits you. Something shocks you.
* * * LOW HITPOINT WARNING * * *
You miss something. Something hits you.
* * * LOW HITPOINT WARNING * * *
Something shocks you.
You die...

####### #.....#
#.###.# ♣.♣ #.#
##♣♣.♣♣#.#
.........#########
.#♣♣.♣♣#....)....#
## ♣.♣ #########@#
#.# #{# #.# #o#
#.# #.# #.# #.# .#
#.# o.. ..#


You could see 2 orcs.

Vanquished Creatures
  2 adders
  An ooze (D:2)
  A worm (D:2)
  2 giant geckos
  A ball python (D:1)
  A giant cockroach (D:1)
  7 hobgoblins
  4 kobolds (D:1)
  A bat (D:1)
  5 giant newts
  7 goblins
  2 rats
34 creatures vanquished.

Vanquished Creatures (collateral kills)
  An adder (D:2)
1 creature vanquished.

Grand Total: 35 creatures vanquished

Notes
Turn   | Place    | Note
--------------------------------------------------------------
     0 | D:1      | Ijustatesigmund the Octopode Transmuter began the quest for the Orb.
     0 | D:1      | Reached XP level 1. HP: 13/13 MP: 3/3
    51 | D:1      | Reached skill level 1 in Stealth
   158 | D:1      | Reached XP level 2. HP: 12/18 MP: 5/5
   162 | D:1      | Learned a level 2 spell: Sticks to Snakes
   843 | D:2      | Reached skill level 1 in Short Blades
   843 | D:2      | Reached XP level 3. HP: 16/23 MP: 6/6
   848 | D:2      | Learned a level 3 spell: Spider Form
  1703 | D:3      | Reached XP level 4. HP: 20/28 MP: 7/7
  1799 | D:3      | Noticed a sky beast
  1820 | D:3      | Slain by a sky beast

Vault maps used:
D:1:      ncdulo_smallfort
D:3:      old_standard_altar, minmay_tree_intersection

Action                   |  1- 3 |  4- 6 || total
-------------------------+-------+-------++-------
Melee: Unarmed           |    10 |       ||    10
       Short sword       |    53 |     6 ||    59
       Dagger            |    10 |       ||    10
 Cast: Beastly Appendage |     5 |     1 ||     6
       Sticks to Snakes  |     4 |     3 ||     7
  Use: Scroll            |     8 |       ||     8
       Potion            |       |     1 ||     1
 Stab: Sleeping          |    11 |       ||    11
  Eat: Chunk             |     2 |     1 ||     3
